AoeStats
← willrhyd

MegaRandom

509643281Analyzed
4v4 RM · 4d ago on Sep 27, 2026· 34m 48s· 8 players
Game mode
Random Map
Map size
Large (8 player)
Population
200
Speed
Normal
Resources
Standard
Victory
Conquest
Starting age
Dark Age
Ending age
Imperial Age
RankedLock teamsTeams togetherTeam positionsShared explorationLock speedFull tech treeHidden civsTurbo modeCheats
Victory
Defeat
🇦🇺 Vikings · Australia
1530
+13
🇲🇽 Varangians · Mexico
1502
+14
🇳🇿 Varangians · New Zealand
1482
+15
🇹🇼 Magyars · Taiwan
1391
+19
🇨🇱 Mongols · Chile
1528
-18
🇲🇴 Wei · Macao SAR China
1464
-15
🇦🇷 Aztecs · Argentina
1452
-15
🇬🇧 Vietnamese · United Kingdom
1407
-13
Nasper
7:12 Loom
11:57 Feudal Age
19:48 Double-Bit Axe
22:03 Fletching
26:38 Castle Age
25:09 Scale Mail Armor
27:05 Pikeman
28:10 Squires
29:34 Chain Mail Armor
29:44 Arson
32:33 Forging
33:28 Sanctity
willrhyd
10:15 Feudal Age
10:43 Double-Bit Axe
11:02 Loom
11:57 Horse Collar
16:18 Scale Barding Armor
16:26 Forging
19:34 Wheelbarrow
22:29 Scale Barding Armor
24:31 Castle Age
22:58 Bloodlines
25:39 Chain Barding Armor
25:34 Bow Saw
26:06 Iron Casting
27:22 Gold Mining
29:26 Iron Casting
29:03 Husbandry
Boom Shakalaka!!
6:21 Loom
8:21 Feudal Age
13:23 Bloodlines
13:04 Horse Collar
17:00 Scale Barding Armor
23:01 Castle Age
21:57 Forging
22:30 Double-Bit Axe
24:03 Chain Barding Armor
33:20 Bow Saw
屁屁人
0:32 Loom
11:12 Feudal Age
11:58 Double-Bit Axe
15:40 Fletching
19:58 Padded Archer Armor
21:10 Horse Collar
23:32 Wheelbarrow
26:48 Castle Age
26:04 Gold Mining
27:23 Bodkin Arrow
26:58 Crossbowman
28:32 Bloodlines
29:20 Leather Archer Armor
AM | DEMONIO_MX
6:38 Loom
9:01 Feudal Age
9:30 Double-Bit Axe
14:37 Horse Collar
18:39 Scale Barding Armor
19:57 Forging
22:44 Bloodlines
24:01 Arson
29:02 Castle Age
27:10 Gold Mining
29:05 Pikeman
31:37 Wheelbarrow
31:37 Heavy Plow
31:57 Squires
32:20 Husbandry
33:00 Iron Casting
33:49 Bow Saw
34:45 Chain Barding Armor
ImprovingYeti
8:13 Loom
10:01 Feudal Age
12:06 Bloodlines
11:48 Loom
12:51 Double-Bit Axe
13:24 Horse Collar
17:09 Scale Barding Armor
19:17 Forging
24:18 Castle Age
22:31 Gold Mining
24:19 Light Cavalry
25:25 Chain Barding Armor
25:16 Husbandry
31:30 Wheelbarrow
32:00 Iron Casting
33:12 Bow Saw
荒野一條蟲
3:14 Loom
12:21 Feudal Age
15:34 Horse Collar
20:58 Scale Barding Armor
25:40 Castle Age
24:34 Bloodlines
24:55 Gold Mining
26:18 Wheelbarrow
29:48 Husbandry
34:05 Chain Barding Armor
Jeremy V
9:29 Feudal Age
9:20 Loom
15:16 Fletching
16:13 Padded Archer Armor
23:16 Castle Age
23:18 Crossbowman
23:54 Bodkin Arrow
29:07 Ballistics
Connection lost

Rejoining the realm…

Still unreachable

The connection could not be restored.

Session expired

The server has moved on; the page needs a fresh start.